Map: Blackpink LE

Players

Onion

  • Race: Protoss Protoss
  • League: Silver
  • Spawn Location: 1:00

Samus - Winner!

  • Race: Terran Terran
  • League: Silver
  • Spawn Location: 7:00

VOD

Have the link to the VOD?

Description

Time

  • Played on: May 12, 2018, 8:56 p.m.
  • Length: 6:38
Show
View Real Time Build Order
Export as new Build Order

Onion Protoss 

Build Orders:  

Get SALT Encoding   

  12  0:01  Probe  
  13  0:13  Probe  
  14  0:19  Pylon  
  14  0:26  Probe  
  15  0:38  Probe  
  15  0:39  Gateway  
  16  0:49  Assimilator  
  16  0:50  Probe  
  17  1:02  Probe  
  18  1:10  Probe  
  19  1:19  Probe  
  20  1:28  Probe  
  20  1:29  Zealot  
  20  1:30  Cybernetics Core  
  21  1:36  Pylon  
  23  1:54  Probe  
  23  1:58  Warp Gate  
  24  2:07  Nexus, Probe  
  25  2:17  Twilight Council  
  25  2:19  Probe  
  26  2:27  Assimilator  
  26  2:31  Probe  
  27  2:40  Stalker  
  27  2:43  Probe  
  30  2:55  Probe  
  30  2:57  Charge  
  31  3:18  Pylon  
  31  3:19  Probe  
  32  3:20  Pylon  
  32  3:22  Pylon  
  32  3:23  Probe, Pylon  
  33  3:31  Probe  
  34  3:35  Probe  
  34  3:43  Probe  
  34  3:48  Probe  
  37  3:55  Probe  
  37  3:58  Gateway  
  37  4:00  Probe  
  37  4:01  Gateway  
  38  4:03  Gateway  
  38  4:07  Probe  
  38  4:08  Stalker  
  41  4:12  Probe  
  41  4:16  Assimilator  
  42  4:19  Assimilator, Probe  
  43  4:24  Probe  
  44  4:31  Blink  
  44  4:32  Probe  
  45  4:47  Robotics Facility  
  45  4:54  Probe x2  
  47  5:06  Probe x2  
  49  5:07  Zealot  
  49  5:08  Zealot x3  
  57  5:18  Probe x2  
  59  5:25  Forge  
  59  5:27  Forge  
  59  5:30  Probe x2, Pylon  
  59  5:32  Pylon  
  59  5:34  Pylon  
  61  5:39  Observer  
  61  5:42  Probe x2  
  64  5:54  Probe  
  64  5:55  Probe  
  64  5:56  Stalker x2  
  64  5:57  Stalker x2  
  46  6:21  Zealot x4  
Show
View Real Time Build Order
Export as new Build Order

Samus Terran - Winner!

Build Orders:  

Get SALT Encoding   

  12  0:09  SCV  
  13  0:16  Supply Depot  
  13  0:25  SCV  
  14  0:32  Refinery  
  14  0:37  SCV  
  14  0:38  Refinery  
  15  0:49  SCV  
  16  1:02  SCV  
  17  1:14  SCV  
  18  1:21  Barracks  
  18  1:28  Barracks  
  18  1:33  SCV  
  19  1:45  SCV  
  20  1:52  Engineering Bay  
  20  2:04  Supply Depot  
  20  2:20  Planetary Fortress  
  20  2:22  Barracks  
  20  2:32  Missile Turret  
  20  2:42  Missile Turret  
  20  2:45  Barracks Reactor x2  
  20  3:19  Barracks Tech Lab  
  20  3:22  Terran Infantry Weapons Level 1  
  20  3:27  Marine  
  20  3:28  Marine x3  
  24  3:43  Supply Depot  
  24  3:45  Marine x3  
  24  3:46  Marine  
  28  3:49  Supply Depot  
  28  3:54  Marine  
  29  4:01  Stimpack  
  29  4:03  Marine x2  
  31  4:11  Marine  
  31  4:15  Marine  
  31  4:16  Marine  
  34  4:21  Marine  
  34  4:22  Marine  
  36  4:29  Marine  
  37  4:43  Marine x3  
  37  4:44  Marine  
  41  4:57  Supply Depot  
  41  5:01  Marine x2  
  41  5:02  Marine  
  44  5:17  SCV  
  44  5:19  Marine  
  44  5:20  Supply Depot  
  46  5:30  Marine x2  
  48  5:37  Marine  
  49  5:43  Supply Depot  
  41  6:03  Marine  
  41  6:04  Marine x3  
Tags
 
Add a new tag
Caveats
  • Supply blocks, unpowered buildings, or Contaminate may cause inaccurate times.
  • Supply counts are checked every 10 seconds.